 Dungeon Crawl Stone Soup version 0.26-a0-466-g989023bd0d (webtiles) character file.

Game seed: 13392041674056819738

15955 HoaS the Brawler (level 12, 0/62 HPs)
             Began as a Gargoyle Gladiator on Aug 1, 2020.
             Was a High Priest of Makhleb.
             Slain by a stone giant (23 damage)
             ... in a volcano.
             The game lasted 00:33:00 (11477 turns).

HoaS the Brawler (Gargoyle Gladiator)              Turns: 11477, Time: 00:33:01

Health: 0/62       AC: 24    Str: 27    XL:     12   Next: 32%
Magic:  12/12      EV:  8    Int:  8    God:    Makhleb [*****.]
Gold:   4409       SH:  0    Dex: 15    Spells: 11/11 levels left

rFire    + . .     SeeInvis .     - Unarmed
rCold    . . .     Faith    .   (no shield)
rNeg     + . .     Spirit   .   t - +0 plate armour
rPois    ∞         Reflect  .   j - +1 helmet of the Unbroken {Dex+4}
rElec    +         Harm     .   B - +0 cloak
rCorr    .                      e - +1 pair of gloves
MR       .....                  o - +0 pair of boots of Gravity {rElec rF+ Str+3}
Stlth    ..........             (no amulet)
HPRegen  0.20/turn              (no ring)
MPRegen  0.13/turn              (no ring)

@: hasted, very quick
A: negative energy resistance 1, electricity resistance, unbreathing,
petrification resistance, rot immunity, AC +8
a: Minor Destruction, Lesser Servant of Makhleb, Major Destruction, Greater
Servant of Makhleb, Renounce Religion


You were in a volcano.
You worshipped Makhleb.
Makhleb was extremely pleased with you.
You visited 3 branches of the dungeon, and saw 12 of its levels.
You also visited: Volcano.

You collected 4409 gold pieces.

Inventory:

Missiles
 c - a throwing net (quivered)
 i - 6 atropa-tipped darts
 k - 3 curare-tipped darts
 m - 6 boomerangs
 r - 15 poisoned darts
Armour
 e - a +1 pair of gloves (worn)
 j - the +1 helmet of the Unbroken (worn) {Dex+4}
   (You took it off Robin on level 2 of the Dungeon)

   It affects your dexterity (+4).
 o - the +0 pair of boots of Gravity (worn) {rElec rF+ Str+3}
   (You found it on level 5 of the Dungeon)

   It affects your strength (+3).
   It protects you from fire.
   It insulates you from electricity.
 t - a +0 plate armour (worn)
 B - a +0 cloak (worn)
Wands
 f - a wand of iceblast (7)
 g - a wand of flame (11)
 q - a wand of acid (2)
 u - a wand of disintegration (15)
 w - a wand of clouds (2)
Scrolls
 b - 2 scrolls of blinking
 d - 2 scrolls of teleportation
 h - 6 scrolls of remove curse
 s - a scroll of identify
 y - a scroll of enchant armour
 A - 3 scrolls of fog
Potions
 a - a potion of heal wounds
 l - a potion of resistance
 v - 2 potions of curing
 x - 2 potions of mutation
 z - a potion of brilliance {unknown}


   Skills:
 - Level 2.1 Fighting
 - Level 1.7 Throwing
 - Level 2.4 Dodging
 * Level 18.4 Unarmed Combat


You had 11 spell levels left.
You didn't know any spells.
Your spell library contained the following spells:

 Spells                   Type           Power        Failure   Level
 Corona                   Hex            #......      100%        1
 Foxfire                  Conj/Fire      #...         100%        1
 Ensorcelled Hibernation  Hex/Ice        #.....       100%        2
 Confusing Touch          Hex            #.......     100%        3
 Conjure Flame            Conj/Fire      #.......     100%        3
 Dazzling Flash           Conj/Hex       #.....       100%        3
 Inner Flame              Hex/Fire       #.......     100%        3
 Tukima's Dance           Hex            #.......     100%        3
 Sticky Flame             Conj/Fire      #.......     100%        4
 Fireball                 Conj/Fire      #.........   100%        5


Dungeon Overview and Level Annotations

Branches:
Dungeon (10/15)            Temple (1/1) D:6            Lair (1/6) D:9
Volcano (1/1)
    Orc: D:9-12

Altars:
Ashenzari
Cheibriados
Dithmenos
Elyvilon
Fedhas
Gozag
Hepliaklqana
Kikubaaqudgha
Makhleb
Nemelex Xobeh
Okawaru
Qazlal
Ru
Sif Muna
Trog
Uskayaw
Vehumet
Wu Jian
Xom
Yredelemnul
Zin
The Shining One
Beogh

Shops:
D:5 **   D:8 }}(


Innate Abilities, Weirdness & Mutations

You are resistant to torment.
Your stone body is resilient. (AC +8)
You are immune to poison.
You resist negative energy. (rN+)
You are resistant to electric shocks. (rElec)
You can survive without breathing.
You are immune to petrification.
You are immune to rotting.


Message History

The stone giant barely misses you.
You punch the stone giant!
The stone giant is moderately wounded.
The air gets thick with the scent of sulphur.
You hit the stone giant but do no damage.
The stone giant is moderately wounded.
The stone giant hits you but does no damage.
You hit the stone giant.
The stone giant is moderately wounded.
You hit the stone giant but do no damage.
The stone giant is moderately wounded.
The stone giant hits you!!
You hit the stone giant. Your punch misses the stone giant.
The stone giant is moderately wounded.
You pummel the stone giant!!
The stone giant is severely wounded.
Your plate armour prevents you from hitting the stone giant.
The stone giant is severely wounded.
The stone giant hits you!!
You die...

##...§§§≈≈≈≈≈≈≈§.....#
#.......≈≈≈≈§.....###
#........≈≈≈§....##
##........≈≈§....#
##.............##
#8.8##.§§....##
##.###......## #)#
##....## #@# ######
#C# #9. #... #....
+..... #......
#....###


You could see a stone giant and a gargoyle.

Vanquished Creatures
  Harold (D:7)
  3 two-headed ogres
  3 death yaks (D:8)
  A sixfirhy (D:7)
  2 unseen horrors (D:10)
  A cyclops (D:10)
  Maurice (D:8)
  A gargoyle (Volcano)
  A kobold demonologist (D:10)
  3 trolls (D:9)
  A hippogriff (D:10)
  Sigmund (D:5)
  3 yaks (D:10)
  7 fire bats (Volcano)
  A wyvern (D:9)
  Menkaure (D:6)
  3 orc warriors
  3 ice beasts
  4 sky beasts
  A black bear (D:9)
  5 ogres
  3 phantoms
  A crocodile (D:4)
  4 centaurs
  4 big kobolds
  4 bullfrogs
  A gnoll sergeant (D:7)
  5 scorpions
  9 wights
  7 howler monkeys
  9 electric eels
  7 lava snakes (Volcano)
  A quasit (D:6)
  A bullfrog zombie (D:9)
  5 jellies
  12 orc priests
  A bullfrog skeleton (D:10)
  5 hounds
  12 orc wizards
  An iguana (D:6)
  2 hell rats
  11 worker ants
  2 hound zombies
  A hound skeleton (D:6)
  Robin (D:2)
  A worker ant zombie (D:7)
  9 gnolls
  A river rat (D:9)
  14 adders
  4 shadow imps
  3 white imps
  3 oozes
  4 adder skeletons
  An adder zombie (D:7)
  4 worms
  A dart slug (D:3)
  8 leopard geckos
  38 orcs
  3 giant cockroaches
  12 hobgoblins
  23 jackals
  4 quokkas
  11 bats
  6 frilled lizards
  20 goblins
  25 kobolds
  27 rats
378 creatures vanquished.

Vanquished Creatures (others)
  Maggie (D:8)
  2 withered plants (D:2)
3 creatures vanquished.

Grand Total: 381 creatures vanquished

Notes
Turn   | Place    | Note
-------+----------+-------------------------------------------
     0 | D:1      | HoaS the Gargoyle Gladiator began the quest for the Orb.
     0 | D:1      | Reached XP level 1. HP: 12/12 MP: 1/1
    36 | D:1      | Reached XP level 2. HP: 10/17 MP: 2/2
   501 | D:1      | Reached skill level 4 in Unarmed Combat
   538 | D:1      | Reached XP level 3. HP: 21/21 MP: 3/3
  1095 | D:2      | Identified the +1 helmet of the Unbroken {Dex+4}
  1095 | D:2      | Noticed Robin
  1107 | D:2      | Killed Robin
  1107 | D:2      | Reached XP level 4. HP: 23/26 MP: 4/4
  1250 | D:2      | Reached skill level 5 in Unarmed Combat
  1620 | D:2      | Found an ancient bone altar of Kikubaaqudgha.
  1625 | D:2      | Reached XP level 5. HP: 30/30 MP: 5/5
  1647 | D:2      | Found a shadowy altar of Dithmenos.
  1773 | D:2      | Reached skill level 6 in Unarmed Combat
  2346 | D:3      | Reached XP level 6. HP: 31/35 MP: 6/6
  2576 | D:3      | Reached skill level 7 in Unarmed Combat
  2938 | D:3      | Found an iron altar of Okawaru.
  3641 | D:4      | Reached XP level 7. HP: 40/40 MP: 7/7
  3672 | D:5      | Entered Level 5 of the Dungeon
  3684 | D:5      | Reached skill level 8 in Unarmed Combat
  4041 | D:5      | Noticed Sigmund
  4057 | D:5      | Killed Sigmund
  4057 | D:5      | Reached skill level 9 in Unarmed Combat
  4072 | D:5      | Got a pair of shimmering boots
  4073 | D:5      | Identified the cursed +0 pair of boots of Gravity {rElec
                  | rF+ Str+3} (You found it on level 5 of the Dungeon)
  4126 | D:5      | Reached XP level 8. HP: 29/44 MP: 8/8
  4253 | D:5      | Found a shimmering altar of Xom.
  4271 | D:5      | Found Bane's General Store.
  4472 | D:5      | Found a glowing silver altar of Zin.
  4473 | D:5      | Found Zin's Purification Station.
  4510 | D:5      | Found a burning altar of Makhleb.
  4524 | D:5      | Reached skill level 10 in Unarmed Combat
  4531 | D:5      | Became a worshipper of Makhleb the Destroyer
  4568 | D:5      | Found a burning altar of Makhleb.
  4965 | D:6      | Reached skill level 11 in Unarmed Combat
  5060 | D:6      | Reached XP level 9. HP: 40/48 MP: 9/9
  5073 | D:6      | Identified a scroll of acquirement
  5073 | D:6      | Acquired 3700 gold pieces
  5091 | D:6      | Found a sparkling altar of Nemelex Xobeh.
  5308 | D:6      | Found a staircase to the Ecumenical Temple.
  5393 | D:6      | Found a white marble altar of Elyvilon.
  5393 | D:6      | Found a hide-covered altar of Uskayaw.
  5399 | D:6      | Reached * piety under Makhleb
  5600 | D:6      | Found a bloodstained altar of Trog.
  5776 | D:6      | Reached skill level 12 in Unarmed Combat
  6142 | Temple   | Entered the Ecumenical Temple
  6172 | D:7      | Found a runed translucent door.
  6177 | D:7      | Noticed a sixfirhy
  6196 | D:7      | Noticed Menkaure
  6243 | D:6      | Killed Menkaure
  6349 | D:7      | Reached ** piety under Makhleb
  6566 | D:7      | Reached skill level 13 in Unarmed Combat
  6907 | D:7      | Noticed Harold
  6930 | D:7      | Killed Harold
  6930 | D:7      | Reached XP level 10. HP: 39/53 MP: 10/10
  7156 | D:7      | Reached skill level 14 in Unarmed Combat
  7734 | D:8      | Noticed Maggie
  7748 | D:8      | Killed Maggie
  7866 | D:8      | Found Plog's Weapon Shoppe.
  7887 | D:8      | Found an opulent altar of Gozag.
  7943 | D:8      | Found Hyod's Gadget Emporium.
  8136 | D:8      | Noticed Maurice
  8181 | D:8      | Killed Maurice
  8277 | D:8      | Noticed a two-headed ogre
  8285 | D:8      | Killed a two-headed ogre
  8285 | D:8      | Reached skill level 15 in Unarmed Combat
  8312 | D:8      | Found Upitz's Gadget Boutique.
  8414 | D:9      | Reached *** piety under Makhleb
  8436 | D:9      | Noticed a death yak
  8440 | D:9      | Noticed a death yak
  8440 | D:9      | Noticed a death yak
  8470 | D:8      | Killed a death yak
  8470 | D:8      | Reached XP level 11. HP: 47/57 MP: 11/11
  8490 | D:8      | Killed a death yak
  8624 | D:8      | Killed a death yak
  8624 | D:8      | Reached skill level 16 in Unarmed Combat
  8991 | D:9      | Found a staircase to the Lair.
  8994 | D:9      | Noticed a two-headed ogre
  9003 | D:9      | Killed a two-headed ogre
  9003 | D:9      | Reached **** piety under Makhleb
  9338 | D:9      | Found a roughly hewn altar of Beogh.
  9529 | D:10     | Entered Level 10 of the Dungeon
  9651 | D:10     | Noticed a two-headed ogre
  9657 | D:10     | Noticed a cyclops
  9672 | D:10     | Killed an unseen horror
  9677 | D:10     | Killed a two-headed ogre
  9677 | D:10     | Reached skill level 17 in Unarmed Combat
  9709 | D:10     | HP: 2/57 [cyclops/large rock (36)]
  9721 | D:10     | Killed a cyclops
 10072 | D:10     | Reached ***** piety under Makhleb
 10430 | D:10     | Killed an unseen horror
 10430 | D:10     | Reached XP level 12. HP: 15/62 MP: 12/12
 10914 | D:10     | Noticed an iron troll
 11100 | D:7      | Reached skill level 18 in Unarmed Combat
 11173 | Lair:1   | Entered Level 1 of the Lair of Beasts
 11205 | Lair:1   | Found a dark tunnel.
 11210 | Volcano  | Entered a volcano
 11458 | Volcano  | Noticed a stone giant
 11477 | Volcano  | Slain by a stone giant

Illustrated notes

Levels and vault maps discovered:
D:1:      minmay_arrival_four_houses, layout_rooms, minmay_pentomino_s4
D:2:      layout_loops_cross, nicolae_overflow_crystal_walls,
          kiku_gazebo_garden_becter, minmay_rat_hole, uniq_robin
D:3:      layout_basic, marbit_many_paths
D:4:      layout_cave_pools
D:5:      layout_loops_ring, zin_purify, lemuel_crystal_altar,
          makhleb_heckhound_becter, serial_shops, shop, basic_altar,
          uniq_sigmund
D:6:      layout_loops_ring, nemelex_xobeh_ov_fountains_minmay,
          kennysheep_little_box, gammafunk_temple_overflow_wave,
          minmay_temple_entry_from_below_a, chequers_serial_rivers_small_3,
          kennysheep_generic_room_7
D:7:      cheibrodos_shockbox, layout_gridville, serial_bayou,
          serial_bayou_pond_e, serial_bayou_shore_a, serial_bayou_pond_d,
          serial_bayou_shore_b, minmay_misc_feat_secret_circle,
          lightli_minifort, uniq_menkaure, uniq_harold
D:8:      layout_basic, nicolae_gozag_cash_rules_everything_around_me,
          serial_shops, kennysheep_mini, kennysheep_mini_moat,
          nicolae_shop_stone, uniq_maurice, uniq_maggie
D:9:      layout_irregular_city, dpeg_lair_monsters, david_defended_altar_orc
D:10:     lemuel_troll_bridge, layout_stronghold, minmay_misc_feat_plants,
          minmay_circle_x
Temple:   minmay_freezing_vapour_temple
Lair:1:   layout_regular_city, enter_volcano_4, infiniplex_staircase_pool,
          uniq_sonja
Volcano:  volcano_grotto [vgs_statue_spotlight]

Skill      XL: |  1  2  3  4  5  6  7  8  9 10 11 12 |
---------------+-------------------------------------+-----
Unarmed Combat | 4 5 6 7 9 11 13 15 17 18 | 18.4
Fighting       | |  2.1
Throwing       | |  1.7
Dodging        | |  2.4

Action                   |  1- 3 |  4- 6 |  7- 9 | 10-12 || total
-------------------------+-------+-------+-------+-------++-------
Melee: Unarmed           |   158 |   326 |   361 |   595 ||  1440
       Punch             |     5 |    11 |    29 |    40 ||    85
Throw: Throwing net      |       |     3 |     3 |     1 ||     7
       Boomerang         |       |       |     4 |       ||     4
       Dart              |       |       |     3 |       ||     3
Evoke: Wand              |       |       |       |     1 ||     1
  Use: Scroll            |     5 |     7 |     8 |     2 ||    22
       Potion            |       |     1 |     1 |     3 ||     5
 Stab: Held in net/web   |       |     2 |     1 |       ||     3
       Distracted        |       |       |       |     1 ||     1
Armor: Leather armour    |    68 |    44 |       |       ||   112
       Ring mail         |       |    67 |       |       ||    67
       Scale mail        |       |    11 |    41 |       ||    52
       Chain mail        |       |       |   140 |    12 ||   152
       Acid dragon scale |       |       |       |    52 ||    52
       Plate armour      |       |       |       |   351 ||   351
Dodge: Dodged            |   113 |   190 |   129 |   236 ||   668

Table legend: (Time is in decaauts)
 A = Elapsed time spent in this place.
 B = Non-inter-level travel time spent in this place.
 C = Inter-level travel time spent in this place.
 D = Time resting spent in this place.
 E = Time spent auto-exploring this place.
 F = Levels seen in this place.
 G = Mean time per level.
                   A        B        C        D        E       F      G
               +--------+--------+--------+--------+--------+-----+--------+
         Total |  11199 |  10592 |    607 |   2492 |   5318 |  13 |  861.5 |
       Dungeon |  10905 |  10320 |    585 |   2448 |   5235 |  10 | 1090.5 |
        Temple |     17 |     17 |      0 |      0 |     11 |   1 |   17.0 |
          Lair |     36 |     14 |     22 |      0 |      0 |   1 |   36.0 |
       Volcano |    239 |    239 |      0 |     44 |     72 |   1 |  239.0 |
               +--------+--------+--------+--------+--------+-----+--------+

Top non-repeatable levels by time:
     D:7: 1707 daAuts
     D:1: 1387 daAuts
    D:10: 1180 daAuts
     D:6: 1140 daAuts
     D:9: 1100 daAuts
     D:5: 1023 daAuts
     D:8: 938 daAuts
     D:3: 908 daAuts
     D:2: 888 daAuts
     D:4: 631 daAuts
 Volcano: 239 daAuts
  Lair:1: 36 daAuts
  Temple: 17 daAuts
